 Dungeon Crawl Stone Soup version 0.29.0-15-g675c0067aa (webtiles) character file.

Game seed: 5572535207031115574

1 qw the Sneak (level 1, 0/14 HPs)
             Began as a Gargoyle Delver on Sept 11, 2022.
             Slain by Pargi (1 damage)
             ... on level 4 of the Dungeon.
             The game lasted 00:00:03 (116 turns).

qw the Sneak (Gargoyle Delver)                       Turns: 116, Time: 00:00:04

Health: 0/14       AC:  5    Str: 15    XL:     1   Next: 20%
Magic:  1/1        EV: 11    Int: 10    God:
Gold:   0          SH:  0    Dex: 11    Spells: 0/0 levels left

rFire   . . .      SeeInvis .   a - +0 hand axe
rCold   . . .      Faith    .   (no shield)
rNeg    + . .      Spirit   .   b - +0 leather armour
rPois   inf        Reflect  .   (no helmet)
rElec   +          Harm     .   (no cloak)
rCorr   .          Rampage  .   (no gloves)
Will    .....                   (no boots)
Stlth   +++.......              (no amulet)
HPRegen 0.04/turn               (no ring)
MPRegen 0.07/turn               (no ring)

@: no status effects
A: sickness immunity, AC +2, negative energy resistance 1, electricity
resistance, torment resistance 1, petrification resistance
a: no special abilities


You were on level 4 of the Dungeon.
You visited 1 branch of the dungeon, and saw 2 of its levels.


Innate Abilities, Weirdness & Mutations

You are immune to sickness and miasma.
Your stone body is resilient. (AC +2)
You are immune to poison.
You resist negative energy. (rN+)
You are resistant to electric shocks. (rElec)
You are resistant to unholy torment.
You are immune to petrification.


   Skills:
 - Level 3.2 Fighting
 + Level 1.9 Axes
 - Level 1.5 Dodging
 - Level 5.4 Stealth


You couldn't memorise any spells.
You didn't know any spells.
Your spell library was empty.

Inventory:

Hand Weapons
 a - a +0 hand axe (weapon)
Armour
 b - a +0 leather armour (worn)
Wands
 g - a wand of digging (3)
Potions
 f - a potion of haste

Dungeon Overview and Level Annotations

Branches:
Dungeon (5/15)
 Temple: D:4-7

Altars:

Annotations:
D:4 Pargi


Message History

You barely miss the kobold. The kobold closely misses you.
You closely miss the kobold.
The kobold hits you with a +0 short sword.
You miss the kobold. The kobold barely misses you.
You closely miss the kobold.
The kobold hits you with a +0 short sword.
You hit the kobold.
You kill the kobold!
You start resting.
Pargi the Meek comes into view.
46 ||| Stepping ~*~*~tactically~*~*~ (stealth).
You start resting.
You hear the slow hiss of an avalanche of sand nearby.
HP restored.
You see here a +0 short sword.
Enter note: Pargi shouts!
You hear the slow hiss of an avalanche of sand nearby.
You hit Pargi. Your punch misses Pargi.
Pargi is lightly wounded.
Pargi bites you. Pargi closely misses you. Pargi claws you but does no damage.
A hobgoblin comes into view.
112 ||| Stepping ~*~*~tactically~*~*~ (stealth).
You closely miss Pargi.
Pargi is lightly wounded.
Pargi barely misses you. Pargi claws you but does no damage. x2
You miss Pargi.
Pargi is lightly wounded.
Pargi bites you. Pargi misses you. Pargi claws you.
You barely miss Pargi.
Pargi is lightly wounded.
Pargi bites you. Pargi barely misses you. Pargi claws you but does no damage.
The hobgoblin shouts!
You hit Pargi but do no damage.
You hear a shout!
Pargi closely misses you. Pargi claws you. Pargi claws you but does no damage.
Pargi bites you but does no damage. Pargi closely misses you. Pargi claws you.
You die...

#.............
#.............
#.............
#.............# .
#.............#
#.#..?..........#
#...............#
#..g..T@.......#
#..............#
#...............
#.######.##....
#.#....#)# ...
#.#......# ..
#........# #
###.##...#
#..#...#


You could see Pargi and a hobgoblin.

Vanquished Creatures
  A kobold (D:4)
1 creature vanquished.

Notes
Turn   | Place    | Note
-------+----------+-------------------------------------------
     0 | D:5      | qw the Gargoyle Delver began the quest for the Orb.
     0 | D:5      | Reached XP level 1. HP: 14/14 MP: 1/1
     0 | D:5      | 0 ||| qw: Version: 0.1-a-117-gfe26ee0
     0 | D:5      | 0 ||| qw: Game counter: 10016
     0 | D:5      | 0 ||| qw: Always use a shield: true
     0 | D:5      | 0 ||| qw: God list: Okawaru
     0 | D:5      | 0 ||| qw: Allow faded altars: false
     0 | D:5      | 0 ||| qw: Do Orc after D:15 true
     0 | D:5      | 0 ||| qw: Do second Lair branch before Depths: true
     0 | D:5      | 0 ||| qw: Lair rune preference: random
     0 | D:5      | 0 ||| qw: Plans: Normal
     0 | D:5      | 0 ||| PLANNING D:1-11
     0 | D:5      | 0 ||| DROPPING scroll of fog.
     1 | D:5      | 1 ||| DROPPING scroll of magic mapping.
     2 | D:5      | 2 ||| DROPPING scroll of fear.
    10 | D:4      | 10 ||| PLANNING OSSUARY
    25 | D:4      | 25 ||| Stepping ~*~*~tactically~*~*~ (stealth).
    45 | D:4      | Noticed Pargi
    46 | D:4      | 46 ||| Stepping ~*~*~tactically~*~*~ (stealth).
   112 | D:4      | 112 ||| Stepping ~*~*~tactically~*~*~ (stealth).
   114 | D:4      | HP: 3/14 [Pargi (1)]
   116 | D:4      | HP: 1/14 [Pargi (1)]
   116 | D:4      | Slain by Pargi

Levels and vault maps discovered:
D:4:      minmay_inner_zag, layout_basic, pdpol_wu_jian_five_deadly_venoms,
          zin_purify, serial_shops, nicolae_shop_trees, enter_ossuary_3,
          eino_small_chamber_without_monster, uniq_pargi
D:5:      layout_basic, nicolae_gozag_zags_fifth_avenue,
          mainiacjoe_overflow_paths, portal_sewer_entry_b

Action                   || total
-------------------------++-------
Melee: Hand axe          ||    10
Armor: Leather armour    ||     6
Dodge: Dodged            ||     8

Table legend:
 A = Non-vault XP
 B = Vault XP
 C = Vault XP percentage of total XP
 D = Non-vault monster count
 E = Vault monster count
 F = Vault count percentage of total count
                 A         B        C        D         E       F
            +---------+---------+-------+---------+---------+-------
      Total |       2 |       0 |   0.0 |       1 |       0 |   0.0
            +---------+---------+-------+---------+---------+-------
        D:4 |       2 |       0 |   0.0 |       1 |       0 |   0.0
            +---------+---------+-------+---------+---------+-------
